[Event "ICC tourney 1923 (15 5)"]
[Site "Internet Chess Club"]
[Date "2020.07.17"]
[Round "1"]
[White "AaditK"]
[Black "chessisfunsp"]
[Result "0-1"]
[ICCResult "White checkmated"]
[WhiteElo "1105"]
[BlackElo "1696"]
[Opening "Giuoco Piano: Möller (Therkatz) attack"]
[ECO "C54"]
[NIC "IG.02"]
[Time "12:08:27"]
[TimeControl "900+5"]

1. e4 e5 2. Nf3 Nc6 3. Bc4 Bc5 4. c3 Nf6 5. d4 exd4 6. cxd4 Bb4+ 7. Nc3 Nxe4
8. O-O Bxc3 9. d5 Bb4 10. dxc6 bxc6 11. Qd4 d5 12. Qxg7 Qf6 13. Qxf6 Nxf6
14. Bg5 Ne4 15. Bd3 Nxg5 16. Nxg5 f6 17. Nxh7 Kf7 18. a3 Be7 19. Rfe1 Rb8
20. b4 f5 21. Rxe7+ Kxe7 22. Ng5 c5 23. bxc5 Rb3 24. Bc2 Rc3 25. Ba4 Kf6 26.
Nf3 Rxc5 27. Rd1 c6 28. Nd4 Bd7 29. Nf3 Ra5 30. Rd4 c5 31. Rxd5 Bxa4 32. Nd4
f4 33. f3 Rb8 34. Rf5+ Ke7 35. Re5+ Kd6 36. Rf5 Rb1+ 37. Kf2 Rb2+ 38. Kg1
cxd4 39. Rxa5 Bc6 40. Rf5 d3 41. Rxf4 Ke5 42. Rc4 d2 43. Re4+ Bxe4 44. Kf2
d1=Q+ 45. Kg3 Qe1+ 46. Kh3 Bxf3 47. gxf3 Qg1 48. a4 Kf4 49. a5 Rb8 50. a6
Rh8# {White checkmated} 0-1

[Event "ICC tourney 1923 (15 5)"]
[Site "Internet Chess Club"]
[Date "2020.07.17"]
[Round "1"]
[White "Andrew588"]
[Black "Kamatchimuthu"]
[Result "1-0"]
[ICCResult "Black forfeits on time"]
[WhiteElo "1483"]
[BlackElo "1317"]
[Opening "French defense"]
[ECO "C00"]
[NIC "FR.01"]
[Time "12:08:25"]
[TimeControl "900+5"]

1. e4 e6 2. Nf3 d5 3. exd5 exd5 4. d4 Nf6 5. Bg5 Be7 6. Bf4 O-O 7. Bd3 Nc6
8. Nc3 Bg4 9. O-O Bxf3 10. Qxf3 Nxd4 11. Qd1 Qd7 12. Be2 Nf5 13. Bb5 c6 14.
Bd3 Rfe8 15. Bg5 h6 16. Bxf6 Bxf6 17. Qg4 Re5 18. f4 Re7 19. Bxf5 Qd6 20.
Bd3 Bd4+ 21. Kh1 Rae8 22. f5 Re3 23. Qxd4 c5 24. Qg4 Qe5 25. f6 g5 26. Qf5
Qxf5 27. Bxf5 d4 28. Nd5 Re2 29. Ne7+ Kh8 30. g4 b6 31. a3 Rd8 32. b3 Rd6
33. Rae1 Rxe1 34. Rxe1 Rxf6 35. Nc8 Kg7 36. Nxa7 Rd6 37. Nc8 Rc6 38. Ne7 Rc7
39. Nd5 Rc6 40. a4 Rd6 41. Ne7 Kf6 42. h3 {Black forfeits on time} 1-0

[Event "ICC tourney 1923 (15 5)"]
[Site "Internet Chess Club"]
[Date "2020.07.17"]
[Round "1"]
[White "JCJ2018"]
[Black "JerryZhu"]
[Result "1-0"]
[ICCResult "Black checkmated"]
[WhiteElo "1710"]
[BlackElo "1370"]
[Opening "Sicilian"]
[ECO "B50"]
[NIC "SI.01"]
[Time "12:29:03"]
[TimeControl "900+5"]

1. e4 c5 2. Nf3 d6 3. Nc3 Nf6 4. h3 Nc6 5. Bc4 g6 6. d3 Bg7 7. O-O O-O 8.
Bg5 h6 9. Bh4 Bd7 10. Rb1 Qc8 11. Bb5 a6 12. Ba4 b5 13. Bb3 Nd4 14. Nxd4
cxd4 15. Ne2 a5 16. a3 a4 17. Ba2 Qb7 18. Nxd4 Rfc8 19. Bxf6 Bxf6 20. Bd5
Qb6 21. Bxa8 Bxd4 22. Bd5 e6 23. Ba2 b4 24. axb4 Qxb4 25. c3 Bxc3 26. bxc3
Qxc3 27. Rc1 Qb2 28. Rxc8+ Bxc8 29. Qxa4 Bb7 30. Rb1 Qe2 31. Qe8+ Kg7 32.
Rxb7 Kf6 33. Qxf7+ Kg5 34. f4+ Kh4 35. Qxg6 Qe1+ 36. Kh2 Qe2 37. Qg4+ Qxg4
38. hxg4 Kxg4 39. Bxe6+ Kxf4 40. Bc4 Ke3 41. Rd7 Kf2 42. Rxd6 Ke2 43. Rxh6
Ke3 44. Ba2 Kxd3 45. Bc4+ Kxc4 46. Rd6 Kc5 47. Rd1 Kc6 48. Kg3 Kc7 49. Kf4
Kc8 50. Ke5 Kc7 51. Ke6 Kc6 52. Rc1+ Kb5 53. Kd5 Kb4 54. Kd4 Kb5 55. Rc2 Kb6
56. Kd5 Kb7 57. Kd6 Kb8 58. Kd7 Kb7 59. Rb2+ Ka6 60. Kc6 Ka5 61. Kc5 Ka4 62.
Kc4 Ka3 63. Rb8 Ka2 64. Kc3 Ka3 65. Ra8# {Black checkmated} 1-0

[Event "ICC tourney 1923 (15 5)"]
[Site "Internet Chess Club"]
[Date "2020.07.17"]
[Round "1"]
[White "aidaamin"]
[Black "megahertz13"]
[Result "1/2-1/2"]
[ICCResult "Game drawn by repetition"]
[WhiteElo "1400"]
[BlackElo "1400"]
[Opening "Giuoco Piano"]
[ECO "C50"]
[NIC "IG.02"]
[Time "12:28:12"]
[TimeControl "900+5"]

1. e4 e5 2. Nf3 Nc6 3. Bc4 Bc5 4. O-O Nf6 5. Nc3 O-O 6. d3 d6 7. Bg5 h6 8.
Bh4 Be6 9. Bxe6 fxe6 10. Rb1 d5 11. exd5 exd5 12. Re1 Qd6 13. a3 Nh5 14. Bg3
Nxg3 15. hxg3 e4 16. dxe4 Qxg3 17. Qxd5+ Kh8 18. Qxc5 Qg6 19. Qe3 Rf6 20.
Nd5 Rf7 21. Nf4 Qg4 22. Nh3 Raf8 23. Nh2 Qg6 24. Qg3 Qxg3 25. fxg3 g5 26.
Rf1 Nd4 27. Rxf7 Rxf7 28. Nf2 Ne2+ 29. Kf1 Nxg3+ 30. Ke1 Re7 31. Kd2 Nxe4+
32. Nxe4 Rxe4 33. Kd3 Rh4 34. Nf3 Rg4 35. Rg1 h5 36. Ne5 Rg3+ 37. Ke4 h4 38.
Kf5 h3 39. Nf7+ Kg7 40. Nxg5 h2 41. Rh1 Rxg2 42. Nf3 Rf2 43. Kf4 Rxc2 44.
Rxh2 Rc5 45. Rd2 Kf6 46. Ke4 b5 47. Nd4 Re5+ 48. Kd3 Rd5 49. Ke3 Re5+ 50.
Kd3 Rd5 51. Ke4 Re5+ 52. Kd3 Rd5 53. Ke4 Re5+ 54. Kd3 Rd5 55. Ke4 Re5+ 56.
Kd3 Rd5 57. Ke4 Re5+ {Game drawn by repetition} 1/2-1/2

[Event "ICC tourney 1923 (15 5)"]
[Site "Internet Chess Club"]
[Date "2020.07.17"]
[Round "2"]
[White "ChessStar22"]
[Black "stephenwilly"]
[Result "0-1"]
[ICCResult "White checkmated"]
[WhiteElo "1379"]
[BlackElo "1631"]
[Opening "Queen's pawn game"]
[ECO "D00"]
[NIC "QP.08"]
[Time "13:28:01"]
[TimeControl "900+5"]

1. d4 d5 2. e3 Nf6 3. c4 c6 4. Nc3 Bf5 5. Nf3 e6 6. Bd2 Nbd7 7. b3 Bd6 8.
Be2 h6 9. Nh4 Bh7 10. h3 Ne4 11. Nxe4 Bxe4 12. Bf3 Qxh4 13. Bxe4 Qxe4 14.
O-O O-O 15. f3 Qg6 16. c5 Bc7 17. Bc3 Qg3 18. Rf2 Qh2+ 19. Kf1 Bg3 20. Ke2
Bxf2 21. Kxf2 Nf6 22. f4 Ne4+ 23. Kf3 Qg3+ 24. Ke2 Nxc3+ 25. Kd2 Nxd1 26.
Rxd1 Qxg2+ 27. Kd3 Qxa2 28. Kc3 b6 29. cxb6 axb6 30. Rd2 Qa1+ 31. Kd3 Ra3
32. Ke2 Rxb3 33. Rd1 Rb2+ 34. Ke1 Qa5+ 35. Kf1 Qb5+ 36. Kg1 Qe2 37. Rd2 Rxd2
38. f5 Qg2# {White checkmated} 0-1

[Event "ICC tourney 1923 (15 5)"]
[Site "Internet Chess Club"]
[Date "2020.07.17"]
[Round "2"]
[White "aadihetamsaria"]
[Black "ChessMonkey123"]
[Result "0-1"]
[ICCResult "White resigns"]
[WhiteElo "1441"]
[BlackElo "1535"]
[Opening "Danish gambit"]
[ECO "C21"]
[NIC "KP.04"]
[Time "13:27:50"]
[TimeControl "900+5"]

1. e4 e5 2. d4 exd4 3. c3 dxc3 4. Nxc3 Nc6 5. Bc4 d6 6. Nf3 Be7 7. Qb3 Be6
8. Bxe6 fxe6 9. Qxe6 Nf6 10. Ng5 Rf8 11. O-O h6 12. Nf3 Qd7 13. Nb5 Qxe6 14.
Nxc7+ Kd7 15. Nxe6 Kxe6 16. Nh4 Nxe4 17. Re1 d5 18. f3 Bxh4 19. g3 Bf6 20.
fxe4 dxe4 21. Rxe4+ Be5 22. Bf4 Rad8 23. Rae1 Rd5 24. Rf1 Rd4 25. Re3 Kd5
26. Bxe5 Rxf1+ 27. Kxf1 Nxe5 28. Ke2 Re4 29. Rxe4 Kxe4 {White resigns} 0-1

[Event "ICC tourney 1923 (15 5)"]
[Site "Internet Chess Club"]
[Date "2020.07.17"]
[Round "2"]
[White "savagefire"]
[Black "wulovechess"]
[Result "0-1"]
[ICCResult "White resigns"]
[WhiteElo "1256"]
[BlackElo "1392"]
[Opening "QGD: Neo-orthodox variation, 7.Bh4"]
[ECO "D56"]
[NIC "QO.13"]
[Time "13:29:30"]
[TimeControl "900+5"]

1. d4 d5 2. c4 e6 3. Nc3 Nf6 4. Bg5 Be7 5. Nf3 O-O 6. e3 h6 7. Bh4 Nbd7 8.
Bg5 hxg5 9. Nxg5 b6 10. Nf3 Bb7 11. Be2 c5 12. Qc2 dxc4 13. Bxc4 a6 14.
O-O-O b5 15. Be2 b4 16. Na4 Rc8 17. Kb1 cxd4 18. Qd3 Be4 {White resigns} 0-1

[Event "ICC tourney 1923 (15 5)"]
[Site "Internet Chess Club"]
[Date "2020.07.17"]
[Round "2"]
[White "chessisfunsp"]
[Black "thanhcaptures"]
[Result "1-0"]
[ICCResult "Black checkmated"]
[WhiteElo "1701"]
[BlackElo "1355"]
[Opening "KGA: Fischer defense"]
[ECO "C34"]
[NIC "KG.02"]
[Time "13:28:02"]
[TimeControl "900+5"]

1. e4 e5 2. f4 exf4 3. Nf3 d6 4. Bc4 g5 5. h4 g4 6. Ng5 Nh6 7. Nc3 Bg7 8. d4
c6 9. Bxf4 O-O 10. Qd2 Qb6 11. Bxd6 Rd8 12. e5 Qxb2 13. Rb1 Rxd6 14. Rxb2
Rd8 15. O-O Bxe5 16. Nxf7 Bxd4+ 17. Kh1 Nxf7 18. Rxf7 Kh8 19. Rf8+ Rxf8 20.
Qxd4+ Rf6 21. Qxf6# {Black checkmated} 1-0

[Event "ICC tourney 1923 (15 5)"]
[Site "Internet Chess Club"]
[Date "2020.07.17"]
[Round "2"]
[White "Rayhan2020"]
[Black "SirAdityaS"]
[Result "1-0"]
[ICCResult "Black resigns"]
[WhiteElo "1512"]
[BlackElo "1413"]
[Opening "French defense"]
[ECO "C00"]
[NIC "FR.01"]
[Time "13:28:12"]
[TimeControl "900+5"]

1. e4 e6 2. Nf3 d5 3. exd5 exd5 4. d4 Nc6 5. Nc3 Be6 6. Bb5 Qd7 7. Ne5 Qd6
8. O-O f6 9. Nxc6 bxc6 10. Ba4 Be7 11. Be3 Nh6 12. Bxh6 gxh6 13. Qh5+ Bf7
14. Qxh6 O-O-O 15. Rab1 Rhg8 16. Qxh7 Rh8 17. Qxh8 Rxh8 18. h3 Be6 19. Rfe1
f5 20. b4 f4 21. b5 f3 22. Re3 fxg2 23. Kxg2 Rg8+ 24. Kf1 cxb5 25. Nxb5 Qc6
26. Nxa7+ Kd8 27. Nxc6+ {Black resigns} 1-0

[Event "ICC tourney 1923 (15 5)"]
[Site "Internet Chess Club"]
[Date "2020.07.17"]
[Round "2"]
[White "WizardY"]
[Black "Andrew588"]
[Result "1-0"]
[ICCResult "Black checkmated"]
[WhiteElo "1574"]
[BlackElo "1424"]
[Opening "Sicilian defense"]
[ECO "B41"]
[NIC "SI.41"]
[Time "13:27:47"]
[TimeControl "900+5"]

1. e4 c5 2. Nf3 e6 3. d4 cxd4 4. Nxd4 Qc7 5. Nc3 Bc5 6. Be3 Nc6 7. Ndb5 Qa5
8. Bxc5 a6 9. Nd6+ Kd8 10. Nxf7+ Ke8 11. Nxh8 Qxc5 12. Qg4 Qe5 13. f4 Qa5
14. Qxg7 Nce7 15. Qxh7 Nf6 16. Qg7 Nxe4 17. Ng6 Nf5 18. Qf8# {Black
checkmated} 1-0

[Event "ICC tourney 1923 (15 5)"]
[Site "Internet Chess Club"]
[Date "2020.07.17"]
[Round "2"]
[White "megahertz13"]
[Black "auggie29"]
[Result "1-0"]
[ICCResult "Black checkmated"]
[WhiteElo "1458"]
[BlackElo "1309"]
[Opening "French: Tarrasch, open variation"]
[ECO "C07"]
[NIC "FR.18"]
[Time "13:27:49"]
[TimeControl "900+5"]

1. e4 e6 2. d4 d5 3. Nd2 c5 4. c3 Nc6 5. Ne2 Qb6 6. exd5 exd5 7. Nf3 cxd4 8.
Nexd4 Nxd4 9. Qxd4 Qxd4 10. Nxd4 Nf6 11. Bf4 Bc5 12. O-O-O O-O 13. Bd3 Bxd4
14. cxd4 Be6 15. Kb1 Rac8 16. Rc1 Ng4 17. Bg3 f5 18. h3 Nf6 19. Rxc8 Rxc8
20. Rc1 Rxc1+ 21. Kxc1 Ne4 22. Kc2 g6 23. Bxe4 dxe4 24. Kc3 Bxa2 25. b3 Bb1
26. d5 Bd3 27. Kd4 Bb5 28. Kc5 a6 29. Kb6 Kf7 30. Kxb7 Ke7 31. Kc7 a5 32.
d6+ Ke8 33. Kb6 Bf1 34. Kxa5 Bxg2 35. Bf4 Bxh3 36. b4 Bf1 37. b5 Bc4 38. b6
Kd7 39. b7 Kc6 40. b8=Q h5 41. Qc7+ Kd5 42. d7 Kd4 43. d8=Q+ Kc3 44. Qd5 Kc2
45. Qcxc4+ Kb2 46. Qd2+ Ka3 47. Qa4# {Black checkmated} 1-0

[Event "ICC tourney 1923 (15 5)"]
[Site "Internet Chess Club"]
[Date "2020.07.17"]
[Round "2"]
[White "JerryZhu"]
[Black "nidhi204"]
[Result "1-0"]
[ICCResult "Black checkmated"]
[WhiteElo "1447"]
[BlackElo "1363"]
[Opening "QGD Slav defense"]
[ECO "D10"]
[NIC "SL.01"]
[Time "13:28:52"]
[TimeControl "900+5"]

1. d4 d5 2. c4 c6 3. Nc3 Nf6 4. e3 Bf5 5. Nf3 e6 6. Bd3 Bg6 7. O-O Bd6 8.
Qe2 Nbd7 9. Bd2 Ng4 10. Rac1 Qf6 11. e4 h6 12. e5 Bxd3 13. Qxd3 Qf5 14. Qxf5
exf5 15. exd6 O-O 16. cxd5 cxd5 17. Nxd5 Ngf6 18. Nxf6+ Nxf6 19. Bf4 Rfe8
20. Rfe1 Rxe1+ 21. Rxe1 Rc8 22. h3 Rc2 23. Bc1 Ne4 24. d7 Rc7 25. d8=Q+ Kh7
26. Qxc7 Nf6 27. Qxf7 a5 28. Ne5 b5 29. Qg6+ Kg8 30. Nd7 Kh8 31. Nxf6 gxf6
32. Re8# {Black checkmated} 1-0

[Event "ICC tourney 1923 (15 5)"]
[Site "Internet Chess Club"]
[Date "2020.07.17"]
[Round "2"]
[White "UltimateDL"]
[Black "gusfalconjr"]
[Result "1-0"]
[ICCResult "Black resigns"]
[WhiteElo "1375"]
[BlackElo "1223"]
[Opening "Sicilian defense"]
[ECO "B32"]
[NIC "SI.32"]
[Time "13:27:50"]
[TimeControl "900+5"]

1. e4 c5 2. Nf3 Nc6 3. d4 cxd4 4. Nxd4 d6 5. c4 g6 6. Nc3 Bg7 7. Be3 Nf6 8.
f3 O-O 9. Qd2 Bd7 10. O-O-O a6 11. g4 Rc8 12. Bh6 Re8 13. Bxg7 Kxg7 14. h4
Rh8 15. h5 e6 16. hxg6 fxg6 17. Qh6+ Kf7 18. g5 Ne8 19. f4 Ng7 20. Bg2 Kf8
21. e5 dxe5 22. Nxc6 bxc6 23. fxe5 Qc7 24. Rhf1+ Ke7 25. Qxg7+ {Black
resigns} 1-0

[Event "ICC tourney 1923 (15 5)"]
[Site "Internet Chess Club"]
[Date "2020.07.17"]
[Round "2"]
[White "Cougar2020"]
[Black "IGMin2023"]
[Result "1-0"]
[ICCResult "Black checkmated"]
[WhiteElo "1392"]
[BlackElo "1250"]
[Opening "Two knights defense (Modern bishop's opening)"]
[ECO "C55"]
[NIC "IG.01"]
[Time "13:28:22"]
[TimeControl "900+5"]

1. e4 e5 2. Nf3 Nc6 3. Bc4 Nf6 4. d3 Be7 5. c3 O-O 6. h3 Na5 7. Nbd2 Nxc4 8.
Nxc4 b5 9. Ncxe5 d6 10. Nc6 Qd7 11. Nxe7+ Qxe7 12. O-O Re8 13. Re1 Bb7 14.
a4 bxa4 15. Rxa4 Bc6 16. Ra1 Qd7 17. Be3 a6 18. Bd2 Bb7 19. Nh4 Qc6 20. Bg5
Nd7 21. Nf5 f6 22. Bh6 g6 23. Qb3+ Kh8 24. Bg7# {Black checkmated} 1-0

[Event "ICC tourney 1923 (15 5)"]
[Site "Internet Chess Club"]
[Date "2020.07.17"]
[Round "2"]
[White "RhysieB"]
[Black "luckylol3"]
[Result "1-0"]
[ICCResult "Black resigns"]
[WhiteElo "1372"]
[BlackElo "1210"]
[Opening "Scotch gambit"]
[ECO "C44"]
[NIC "SO.06"]
[Time "13:28:01"]
[TimeControl "900+5"]

1. e4 e5 2. Nf3 Nc6 3. d4 exd4 4. Bc4 d6 5. Ng5 Nh6 6. Qh5 g6 7. Qf3 Qe7 8.
O-O Bg7 9. c3 O-O 10. Bf4 Bg4 11. Qg3 Rad8 12. Nf3 Be6 13. Bxe6 fxe6 14. Bg5
Qd7 15. Qh4 Nf7 16. Bxd8 Qxd8 17. Qxd8 Nfxd8 18. cxd4 Nxd4 19. Nxd4 Bxd4 20.
Nc3 Nc6 21. Nb5 Bb6 22. Rac1 a6 23. Na3 Nd4 24. Rc4 Ne2+ 25. Kh1 Bxf2 26.
Rc2 Ng3+ 27. hxg3 Bxg3 28. Rxf8+ Kxf8 29. Rxc7 d5 30. Rxb7 dxe4 31. Rb3 Bf4
32. g3 Bh6 33. Kg2 e3 34. Kf1 {Black resigns} 1-0

[Event "ICC tourney 1923 (15 5)"]
[Site "Internet Chess Club"]
[Date "2020.07.17"]
[Round "2"]
[White "dhroov"]
[Black "oxdidi"]
[Result "1-0"]
[ICCResult "Black resigns"]
[WhiteElo "1466"]
[BlackElo "1262"]
[Opening "Giuoco Piano"]
[ECO "C54"]
[NIC "IG.02"]
[Time "13:28:41"]
[TimeControl "900+5"]

1. e4 e5 2. Nf3 Nc6 3. Bc4 Bc5 4. c3 Nf6 5. d3 d6 6. h3 Na5 7. Bb3 Nxb3 8.
axb3 O-O 9. O-O Be6 10. b4 Bb6 11. c4 Qd7 12. Ng5 h6 13. Nxe6 Qxe6 14. Nc3
Kh8 15. Be3 Rg8 16. c5 dxc5 17. bxc5 Bxc5 18. Bxc5 g5 19. g4 h5 20. f3 hxg4
21. fxg4 Nd7 22. Bxa7 b6 23. Nd5 Qd6 24. Rxf7 Qc5+ 25. Kh1 Rg6 26. Ne7 Rh6
27. Qf3 Qb4 28. Ra2 Qb3 29. Ra1 Qxb2 30. Rf1 Qa2 31. Ng6+ Rxg6 32. Rxd7 Qxa7
33. Qf7 {Black resigns} 1-0

[Event "ICC tourney 1923 (15 5)"]
[Site "Internet Chess Club"]
[Date "2020.07.17"]
[Round "2"]
[White "funstyle"]
[Black "royayush"]
[Result "0-1"]
[ICCResult "White checkmated"]
[WhiteElo "1382"]
[BlackElo "1407"]
[Opening "Sicilian"]
[ECO "B54"]
[NIC "SI.01"]
[Time "13:27:47"]
[TimeControl "900+5"]

1. e4 c5 2. Nf3 d6 3. d4 cxd4 4. Nxd4 Nc6 5. Nxc6 bxc6 6. Nc3 Nf6 7. Bg5 e6
8. Qf3 Be7 9. Bd3 Bb7 10. O-O O-O 11. Qg3 Nh5 12. Bxe7 Nxg3 13. Bxd8 Nxf1
14. Be7 Rfe8 15. Bxd6 Nd2 16. Bf4 Nxe4 17. Bxe4 f5 18. Bf3 e5 19. Be3 e4 20.
Be2 h6 21. Bc4+ Kh7 22. Rd1 a5 23. Rd7 Ba6 24. Bxa6 Rxa6 25. Bd4 Rg8 26. Na4
Raa8 27. Nc5 Rad8 28. Rxd8 Rxd8 29. c3 Rd5 30. g3 g5 31. Kg2 Kg6 32. Nb7 Rb5
33. Nd6 Rxb2 34. a3 Rb3 35. Nc4 a4 36. Ne5+ Kh7 37. Nxc6 Rxa3 38. Nb4 Rb3
39. Kf1 a3 40. Ke2 Rb2+ 41. Kd1 a2 42. Nc2 Rxc2 43. c4 Rxc4 44. Ba1 Rb4 45.
Kc2 Rb1 46. Bc3 a1=Q 47. Bxa1 Rxa1 48. Kb2 Rf1 49. Kc2 Rxf2+ 50. Kd1 Rxh2
51. Ke1 f4 52. gxf4 gxf4 53. Kf1 e3 54. Ke1 f3 55. Kf1 Rh1# {White
checkmated} 0-1

[Event "ICC tourney 1923 (15 5)"]
[Site "Internet Chess Club"]
[Date "2020.07.17"]
[Round "2"]
[White "JCJ2018"]
[Black "agrimjax1"]
[Result "0-1"]
[ICCResult "White checkmated"]
[WhiteElo "1694"]
[BlackElo "1436"]
[Opening "Two knights defense"]
[ECO "C58"]
[NIC "KP.01"]
[Time "13:28:12"]
[TimeControl "900+5"]

1. e4 e5 2. Nf3 Nc6 3. Bc4 Nf6 4. Ng5 d5 5. exd5 Na5 6. Bb5+ c6 7. dxc6 bxc6
8. Bd3 Nd5 9. Nf3 Bd6 10. O-O O-O 11. Re1 Re8 12. Nc3 f5 13. Nxd5 cxd5 14.
Bb5 Bd7 15. Bxd7 Qxd7 16. d3 Nc6 17. Bd2 e4 18. dxe4 fxe4 19. Ng5 h6 20. Nh3
Qf5 21. Be3 Rad8 22. f3 exf3 23. Qxf3 Qxf3 24. gxf3 Rxe3 25. Rxe3 Bc5 26.
Re1 Re8 27. Kf2 Nb4 28. Re2 Rxe3 29. Rd2 Nxc2 30. Rxc2 Rc3+ 31. Kg3 Rxc2 32.
Nf4 Bd6 33. Kg4 Bxf4 34. Kxf4 Rxb2 35. a4 Rb4+ 36. Kg3 Rxa4 37. f4 Ra3+ 38.
Kg4 Re3 39. h4 d4 40. f5 d3 41. f6 d2 42. fxg7 d1=Q+ 43. Kf5 Qf1+ 44. Kg6
Rg3+ 45. Kh5 Qf5+ 46. Kxh6 Qh7# {White checkmated} 0-1

[Event "ICC tourney 1923 (15 5)"]
[Site "Internet Chess Club"]
[Date "2020.07.17"]
[Round "2"]
[White "arjunk2011"]
[Black "arjun-venkat"]
[Result "0-1"]
[ICCResult "White checkmated"]
[WhiteElo "1192"]
[BlackElo "1249"]
[Opening "Queen's pawn, Mason variation, Steinitz counter-gambit"]
[ECO "D00"]
[NIC "QP.08"]
[Time "13:27:50"]
[TimeControl "900+5"]

1. d4 d5 2. Bf4 c5 3. e3 Nc6 4. Nf3 Qb6 5. b3 cxd4 6. Nxd4 Nxd4 7. Qxd4 Qxd4
8. exd4 Bf5 9. c4 e6 10. Be2 Bb4+ 11. Nd2 Nf6 12. O-O Bxd2 13. Bxd2 O-O 14.
Bf4 Rfe8 15. Rfe1 Red8 16. Rad1 Ne4 17. f3 Nc3 18. Rd2 Nxe2+ 19. Rexe2 Rd7
20. cxd5 Rxd5 21. Re5 Rd7 22. Be3 a6 23. d5 f6 24. dxe6 Rxd2 25. Rxf5 Rxa2
26. e7 Re8 27. Bc5 b6 28. Rd5 bxc5 29. Rd8 Kf7 30. Rxe8 Kxe8 31. f4 Kxe7 32.
g4 Rb2 33. h4 Rxb3 34. Kg2 a5 35. g5 fxg5 36. hxg5 a4 37. g6 hxg6 38. f5 a3
39. Kf2 a2 40. Ke2 a1=Q 41. Kd2 Qc3+ 42. Ke2 Qh3 43. Kd2 Qh2+ 44. Kc1 Rf3
45. Kd1 Rf1# {White checkmated} 0-1

[Event "ICC tourney 1923 (15 5)"]
[Site "Internet Chess Club"]
[Date "2020.07.17"]
[Round "2"]
[White "amdink"]
[Black "ZSChess09"]
[Result "0-1"]
[ICCResult "White resigns"]
[WhiteElo "1532"]
[BlackElo "1472"]
[Opening "Scandinavian defense"]
[ECO "B01"]
[NIC "SD.03"]
[Time "13:27:55"]
[TimeControl "900+5"]

1. e4 d5 2. exd5 Nf6 3. Nc3 Nxd5 4. Nf3 Nc6 5. Bc4 Nb6 6. Bb3 Bg4 7. h3 Bxf3
8. Qxf3 e6 9. O-O a5 10. a4 Nd4 11. Qxb7 c6 12. Re1 Nd7 13. Ne2 Nc5 14. Qxa8
Nxe2+ 15. Rxe2 Qxa8 16. Bc4 Be7 17. d3 Nd7 18. Re3 O-O 19. Rg3 Qb8 20. b3
Qe5 21. Rb1 Qe1+ 22. Kh2 Qxf2 23. Be3 Qxc2 24. Rc1 Qb2 25. Rg4 Ne5 26. Rg3
Bd6 27. Bf4 Qf2 28. d4 Qxf4 29. Rf1 Ng4+ 30. Kg1 Qxg3 31. Rf3 Qe1+ 32. Rf1
Qe3+ 33. Rf2 Qxf2+ 34. Kh1 Qe1+ {White resigns} 0-1

[Event "ICC tourney 1923 (15 5)"]
[Site "Internet Chess Club"]
[Date "2020.07.17"]
[Round "2"]
[White "NK2007"]
[Black "aang07"]
[Result "1-0"]
[ICCResult "Black checkmated"]
[WhiteElo "1169"]
[BlackElo "1304"]
[Opening "QGD: Orthodox defense, Botvinnik variation"]
[ECO "D60"]
[NIC "QO.12"]
[Time "13:27:50"]
[TimeControl "900+5"]

1. d4 d5 2. c4 e6 3. Nc3 Nf6 4. Bg5 Nbd7 5. e3 Be7 6. Nf3 O-O 7. Bd3 h6 8.
Bh4 b6 9. O-O Bb7 10. Qc2 c5 11. Rfd1 Rc8 12. Rac1 dxc4 13. Bxc4 cxd4 14.
Rxd4 Nd5 15. Bxe7 Qxe7 16. Bxd5 Bxd5 17. Nxd5 exd5 18. Qxc8 Rxc8 19. Rxc8+
Kh7 20. Rc7 Qd6 21. Rxa7 b5 22. Rd1 Qc6 23. Nd4 Qc8 24. Nxb5 Qc2 25. Rf1 Ne5
26. b3 Qc5 27. a4 Kg6 28. Rc7 Qb4 29. Nd4 f6 30. f4 Ng4 31. f5+ Kh5 32. Ne2
Nxe3 33. Nf4+ Qxf4 34. Rxf4 Kg5 35. Rf3 Nxf5 36. Rxf5+ Kxf5 37. Rxg7 h5 38.
a5 d4 39. a6 d3 40. a7 d2 41. Rd7 d1=Q+ 42. Rxd1 Ke6 43. a8=R Ke5 44. b4 Ke4
45. b5 Ke3 46. b6 Ke2 47. b7 Kxd1 48. b8=R Kd2 49. Rf8 Kc3 50. Rxf6 Kc4 51.
Rh6 Kc5 52. Rxh5+ Kd6 53. Ra6+ Kc7 54. Rh7+ Kb8 55. Rg6 Kc8 56. Rg8#
{Black checkmated}
1-0

[Event "ICC tourney 1923 (15 5)"]
[Site "Internet Chess Club"]
[Date "2020.07.17"]
[Round "2"]
[White "WCCRBS"]
[Black "Phineashrad"]
[Result "0-1"]
[ICCResult "White checkmated"]
[WhiteElo "1192"]
[BlackElo "1265"]
[Opening "Giuoco Piano: Greco variation"]
[ECO "C54"]
[NIC "IG.02"]
[Time "13:27:58"]
[TimeControl "900+5"]

1. e4 e5 2. Nf3 Nc6 3. Bc4 Bc5 4. c3 Nf6 5. d4 exd4 6. cxd4 Bb4+ 7. Nc3 Nxe4
8. O-O Nxc3 9. bxc3 Bxc3 10. Qb3 Bxa1 11. Bxf7+ Kf8 12. Bg5 Ne7 13. Ne5 d6
14. Qf3 Bf5 15. Bxe7+ Qxe7 16. Qxf5 dxe5 17. Be6+ Qf6 18. Qxf6+ gxf6 19.
Rxa1 exd4 20. Rd1 Rd8 21. Kf1 Ke7 22. Bg4 d3 23. Bf3 Rd6 24. Bxb7 d2 25. Bf3
Kf7 26. Ke2 Re8+ 27. Kf1 Kg7 28. Bh5 Re7 29. h4 Rde6 30. g3 Re1+ 31. Rxe1
dxe1=Q+ 32. Kg2 Qe4+ 33. Bf3 Qc2 34. g4 Qxa2 35. Kg3 c5 36. h5 c4 37. Kf4
Qd2+ 38. Kg3 c3 39. g5 Qxg5+ 40. Kh3 Re1 41. h6+ Qxh6+ 42. Bh5 Qxh5+ 43. Kg3
Rg1+ 44. Kf4 Qe5+ 45. Kf3 Rg3+ 46. fxg3 Qxg3+ 47. Kxg3 c2 48. Kf2 c1=Q 49.
Kf3 Qc4 50. Ke3 a5 51. Kd2 Qb3 52. Kc1 Qa2 53. Kd1 Qb2 54. Ke1 a4 55. Kf1 a3
56. Ke1 a2 57. Kf1 a1=Q# {White checkmated} 0-1

[Event "ICC tourney 1923 (15 5)"]
[Site "Internet Chess Club"]
[Date "2020.07.17"]
[Round "2"]
[White "rjaichand"]
[Black "tanish456"]
[Result "0-1"]
[ICCResult "White checkmated"]
[WhiteElo "1435"]
[BlackElo "1627"]
[Opening "French: advance, Paulsen attack"]
[ECO "C02"]
[NIC "FR.03"]
[Time "13:27:54"]
[TimeControl "900+5"]

1. e4 e6 2. d4 d5 3. e5 c5 4. c3 Nc6 5. Nf3 Nge7 6. Be2 Nf5 7. g4 Nh6 8. Be3
Qb6 9. b3 Nxg4 10. Bd2 Bd7 11. Rg1 h5 12. h3 Nh6 13. Bxh6 Rxh6 14. Bd3 O-O-O
15. Be2 cxd4 16. cxd4 Bb4+ 17. Kf1 Rg6 18. Rxg6 fxg6 19. a3 Be7 20. Ke1 g5
21. Nc3 g4 22. hxg4 hxg4 23. Nd2 Qxd4 24. Qc2 Qxe5 25. Qc1 Kb8 26. a4 Bb4
27. Ndb1 Nd4 28. Kd1 Nxb3 29. Qb2 Qd4+ 30. Kc2 Nxa1+ 31. Qxa1 Rc8 32. Bb5
Qxf2+ 33. Kb3 Bxc3 34. Nxc3 Bxb5 35. axb5 Qc5 36. Na4 Qxb5+ 37. Ka3 g3 38.
Qxg7 Qd3+ 39. Kb4 Rc4+ 40. Ka5 b6+ 41. Ka6 Rxa4# {White checkmated} 0-1

[Event "ICC tourney 1923 (15 5)"]
[Site "Internet Chess Club"]
[Date "2020.07.17"]
[Round "2"]
[White "Yeetamus123"]
[Black "Vidipkona"]
[Result "0-1"]
[ICCResult "White checkmated"]
[WhiteElo "1365"]
[BlackElo "1504"]
[Opening "Sicilian: Najdorf, Byrne (English) attack"]
[ECO "B90"]
[NIC "SI.14"]
[Time "13:28:00"]
[TimeControl "900+5"]

1. e4 c5 2. Nf3 d6 3. d4 cxd4 4. Nxd4 Nf6 5. Nc3 a6 6. Be3 Ng4 7. Bf4 e5 8.
Nf5 exf4 9. Qxg4 g6 10. Bc4 gxf5 11. exf5 Nc6 12. Qxf4 Bg7 13. O-O-O Be5 14.
Rhe1 Bd7 15. Qg4 Kf8 16. Qh5 Qf6 17. g4 h6 18. Nd5 Qg5+ 19. Qxg5 hxg5 20.
Nb6 Rd8 21. b4 Rxh2 22. b5 axb5 23. Bxb5 f6 24. Re2 Nb8 25. Bxd7 Nxd7 26.
Nc4 Bf4+ 27. Kb1 Nc5 28. Rd5 Na4 29. Rd3 Rh1+ 30. Re1 Rxe1+ 31. Rd1 Rxd1#
{White checkmated}
0-1